 Dungeon Crawl Stone Soup version 0.31-a0-844-gdc52ec4e09 (webtiles) character file.

Game seed: 11229872960264719887

15060 pop123321pop the Nimble (level 12, 0/80 HPs)
             Began as a Tengu Berserker on Sept 30, 2023.
             Was an Elder of Trog.
             Killed from afar by a manticore (11 damage)
             ... with a volley of spikes
             ... on level 11 of the Dungeon.
             The game lasted 00:34:53 (15902 turns).

pop123321pop the Nimble (Tengu Berserker)          Turns: 15902, Time: 00:34:54

Health: 0/80       AC: 12    Str: 18    XL:     12   Next: 23%
Magic:  13/13      EV: 34    Int:  9    God:    Trog [****..]
Gold:   743        SH:  0    Dex: 19    Spells: 11/11 levels left

rFire   + + .        m - +0 scythe
rCold   . . .        (shield currently unavailable)
rNeg    . . .        f - +1 chain mail {rF+}
rPois   .            (helmet restricted)
rElec   .            (no cloak)
rCorr   .            (no gloves)
SInv    +            (boots unavailable)
Will    .....        (no amulet) Stlth
                     u - ring of see invisible
HPRegen 0.33/turn    t - ring of protection from fire
MPRegen 0.13/turn

%: random rage (3%), acrobat
@: spiked, on berserk cooldown, acrobatic, flying, slowed, very slow
A: beak, talons 3, evasive flight, acrobatic, claws 1, thin skeletal structure
1, berserk 1, robust 1, screaming 1, no potion heal 1
a: Renounce Religion, Berserk, Trog's Hand, Brothers in Arms


You were on level 11 of the Dungeon.
You worshipped Trog.
Trog was greatly pleased with you.
You visited 1 branch of the dungeon, and saw 11 of its levels.

You collected 743 gold pieces.

Inventory:

Hand Weapons
 m - a +0 scythe (weapon)
Missiles
 e - 4 throwing nets
Armour
 f - a +1 chain mail of fire resistance (worn)
 n - +0 acid dragon scales
Jewellery
 t - a ring of protection from fire (right claw)
 u - a ring of see invisible (left claw)
 B - an amulet of magic regeneration
 D - a +6 ring of intelligence
 E - a ring of protection from fire
 J - an amulet of guardian spirit
Wands
 g - a wand of quicksilver (10)
 q - a wand of digging (4)
 v - a wand of paralysis (11)
 x - a wand of iceblast (7)
 C - a wand of flame (12)
 F - a wand of polymorph (6)
Scrolls
 a - 2 scrolls of enchant armour
 c - 2 scrolls of noise
 h - 3 scrolls of teleportation
 i - a scroll of brand weapon
 j - a scroll of amnesia
 l - 4 scrolls of immolation
 y - a scroll of enchant weapon
 z - a scroll of acquirement {unknown}
 A - a scroll of poison
 G - a scroll of fog {unknown}
 I - a scroll of identify
Potions
 b - 3 potions of magic
 d - 3 potions of mutation
 o - a potion of degeneration
 p - a potion of might {unknown}
 r - a potion of curing
 s - a potion of cancellation
 w - a potion of lignification
 H - 2 potions of enlightenment {unknown}


   Skills:
 - Level 8.1 Fighting
 * Level 12.7 Polearms
 - Level 9.0 Armour
 * Level 13.0 Dodging


You had 11 spell levels left.
You didn't know any spells.
Your spell library was empty.

Dungeon Overview and Level Annotations

Branches:
Dungeon (11/15)            Temple (0/1) D:7            Lair (0/5) D:8
    Orc (0/2) D:10

Altars:
Cheibriados
Dithmenos
Fedhas
Nemelex Xobeh
Okawaru
Ru
Uskayaw
Vehumet
Yredelemnul
Zin
The Shining One

Shops:
D:4 *   D:5 **   D:10 [([[[


Innate Abilities, Weirdness & Mutations

You have a beak for a mouth.
You have claws for feet.
Your magical flight helps you evade attacks. (EV +4)
You can magically evade attacks while moving or waiting.
You have sharp fingernails.
You have a somewhat thin skeletal structure. (Dex +2, Stealth+)
You sometimes lose your temper in combat.
You are robust. (+10% HP)
You occasionally shout uncontrollably at your foes.
Potions are less effective at restoring your health.


Message History

The manticore claws you but does no damage.
The manticore completely misses you. The manticore closely misses you.
The manticore completely misses you. The manticore barely misses you.
You're still recovering from your berserk rage.
You hit the manticore. Your kick misses the manticore.
The manticore is moderately wounded.
The manticore barely misses you.
The manticore claws you but does no damage.
The manticore closely misses you.
You hit the manticore but do no damage.
You claw the manticore, but do no damage.
The manticore is moderately wounded.
You carefully extract the barbed spikes from your body.
The manticore barely misses you. The manticore misses you.
The manticore claws you.
You impale the manticore!!
You peck the manticore, but do no damage.
The manticore is severely wounded.
The manticore bites you but does no damage.
The manticore claws you! The manticore misses you.
The manticore closely misses you. The manticore claws you!
* * * LOW HITPOINT WARNING * * *
The manticore misses you.
Your system partially rejects the healing.
You feel better. The manticore misses you. The manticore closely misses you.
The manticore claws you.
* * * LOW HITPOINT WARNING * * *
You hit the manticore. You claw the manticore.
You peck the manticore, but do no damage.
The manticore is almost dead.
The manticore closely misses you. The manticore barely misses you.
The manticore claws you!
* * * LOW HITPOINT WARNING * * *
Okay, then.
The manticore flicks its tail.
The volley of spikes misses you.
The manticore flicks its tail.
The volley of spikes hits you!
The barbed spikes become lodged in your body.
You die...

#..........!.# #.##.#
....../......# #.##.#
#...!......# #.##.# #>○..#
###..... #.#### #....... #.#
####....... #.# #.##
###.......... ..
#..####....#....... #.###
##@##..(..##.#..... #...#
#.....#####.#.....
######..####H###.# ##..######
###.......#....# #.# #..## #
#....####...##.# #.#
#.########
.....#.(#..###.###.# #.##....#
..._.#.(#...##..#..###.#..##.#
#...#..#.#.....#.###....###.#
.#...####.####.........###
#.##


You could see a manticore.

Vanquished Creatures
  Snorg (D:10)
  Harold (D:10)
  Lodul (D:9)
  A manticore (D:11)
  2 ugly things (D:11)
  2 cyclopes (D:11)
  A gargoyle (D:11)
  2 kobold demonologists
  2 unseen horror zombies (D:9)
  A troll (D:10)
  A shadow (D:11)
  Sigmund (D:2)
  A wyvern (D:10)
  2 wraiths
  17 yaks
  A basilisk (D:8)
  3 vampire mosquitoes (D:10)
  3 steam dragons
  An acid dragon (D:9)
  4 orc warriors
  2 black bears (D:8)
  A hornet zombie (D:9)
  2 ice beasts
  2 centaurs
  12 ogres
  A phantom (D:5)
  5 kobold brigands
  3 bullfrogs (D:7)
  A gnoll sergeant (D:10)
  A two-headed ogre simulacrum (D:11)
  3 scorpions
  11 wights
  9 howler monkeys
  6 orc priests
  2 hounds
  2 jellies (D:5)
  Jessica (D:2)
  6 iguanas
  11 orc wizards
  A killer bee zombie (D:9)
  2 human simulacra (D:9)
  4 howler monkey zombies (D:9)
  7 gnolls (D:10)
  2 river rats (D:6)
  15 adders
  3 naga simulacra (D:11)
  2 shadow imps
  An ufetubus (D:6)
  4 worms
  2 dart slugs
  46 orcs
  A bat (D:3)
  9 endoplasms
  4 giant cockroaches
  8 goblins
  8 hobgoblins
  4 jackals (D:4)
  5 quokkas
  7 ball pythons
  2 frilled lizards
  16 kobolds
  10 rats
292 creatures vanquished.

Vanquished Creatures (collateral kills)
  A two-headed ogre (D:10)
1 creature vanquished.

Vanquished Creatures (others)
  A kobold (D:9)
1 creature vanquished.

Grand Total: 294 creatures vanquished

Notes
Turn   | Place    | Note
-------+----------+-------------------------------------------
     0 | D:1      | pop123321pop the Tengu Berserker began the quest for the
                  | Orb.
     0 | D:1      | Reached XP level 1. HP: 14/14 MP: 2/2
   292 | D:1      | Reached XP level 2. HP: 16/19 MP: 3/3
   790 | D:2      | Noticed Sigmund
   802 | D:2      | Found a glowing golden altar of the Shining One.
   804 | D:2      | Killed Sigmund
   805 | D:2      | Reached XP level 3. HP: 16/23 MP: 4/4
   805 | D:2      | Reached XP level 4. HP: 20/28 MP: 5/5
   805 | D:2      | Reached XP level 5. HP: 23/32 MP: 6/6
   894 | D:2      | Noticed Jessica
   897 | D:2      | Killed Jessica
   908 | D:2      | You fall into a shaft and drop 1 floor!
  1132 | D:2      | Reached XP level 6. HP: 36/37 MP: 7/7
  1450 | D:2      | Found a faded altar of an unknown god.
  1604 | D:3      | Reached ** piety under Trog
  2496 | D:4      | Found an iron altar of Okawaru.
  2505 | D:4      | Gained mutation: Your magical flight helps you evade
                  | attacks. (EV +4) [Tengu growth]
  2505 | D:4      | Reached XP level 7. HP: 41/41 MP: 8/8
  2757 | D:4      | Found Yplebiog's General Store.
  3061 | D:4      | Gained mutation: You have a somewhat thin skeletal
                  | structure. (Dex +2, Stealth+) [potion of mutation]
  3061 | D:4      | Gained mutation: You have sharp fingernails. [potion of
                  | mutation]
  3061 | D:4      | Gained mutation: You sometimes lose your temper in combat.
                  | [potion of mutation]
  3061 | D:4      | Gained mutation: You are robust. (+10% HP) [potion of
                  | mutation]
  3081 | D:5      | Entered Level 5 of the Dungeon
  3105 | D:5      | Found a snail-covered altar of Cheibriados.
  3167 | D:5      | Reached *** piety under Trog
  3423 | D:5      | Reached skill level 10 in Polearms
  3423 | D:5      | Reached XP level 8. HP: 50/50 MP: 9/9
  3434 | D:5      | Found a glowing silver altar of Zin.
  3699 | D:5      | Found Waular's Specific Store.
  3703 | D:5      | Found Buagiobba's General Store.
  3719 | D:5      | Reached skill level 3 in Dodging
  3829 | D:5      | Found a blossoming altar of Fedhas.
  4275 | D:5      | Found a basalt altar of Yredelemnul.
  4411 | D:6      | Reached skill level 4 in Dodging
  4569 | D:6      | Found a glowing drain.
  4668 | D:6      | Reached skill level 5 in Dodging
  4890 | D:6      | Reached skill level 6 in Dodging
  4972 | D:6      | Reached skill level 5 in Fighting
  4972 | D:6      | Reached XP level 9. HP: 17/59 MP: 10/10
  5361 | D:6      | Found a sparkling altar of Nemelex Xobeh.
  5439 | D:6      | Reached skill level 7 in Dodging
  5722 | D:7      | Reached **** piety under Trog
  6367 | D:7      | Reached skill level 8 in Dodging
  6680 | D:7      | Found a staircase to the Ecumenical Temple.
  6774 | D:7      | HP: 3/60 [yak (14)]
  7277 | D:7      | Reached skill level 9 in Dodging
  8620 | D:8      | Found a staircase to the Lair.
  8733 | D:8      | Reached XP level 10. HP: 67/67 MP: 11/11
  8741 | D:8      | Reached skill level 10 in Dodging
  8747 | D:8      | Found a radiant altar of Vehumet.
 10130 | D:9      | Reached skill level 11 in Dodging
 11087 | D:9      | Found a shadowy altar of Dithmenos.
 12124 | D:10     | Entered Level 10 of the Dungeon
 12124 | D:10     | Found Zeod's Antique Armour Emporium.
 12130 | D:10     | Noticed a kobold demonologist
 12145 | D:10     | Noticed a sixfirhy
 12201 | D:10     | Gained mutation: Potions are less effective at restoring
                  | your health. [a neqoxec]
 12204 | D:10     | Gained mutation: You occasionally shout uncontrollably at
                  | your foes. [a neqoxec]
 12318 | D:10     | Found Guxzita's Antique Armour Boutique.
 12680 | D:10     | Noticed a soul eater
 12683 | D:10     | Killed a kobold demonologist
 12684 | D:10     | Reached skill level 12 in Dodging
 12851 | D:10     | Found a staircase to the Orcish Mines.
 12855 | D:10     | Noticed Harold
 13393 | D:10     | Noticed a kobold demonologist
 13394 | D:10     | Noticed Lodul
 13403 | D:9      | Killed a kobold demonologist
 13452 | D:9      | Reached XP level 11. HP: 74/74 MP: 12/12
 13456 | D:9      | Killed Lodul
 13457 | D:9      | Reached skill level 5 in Armour
 13767 | D:10     | Killed Harold
 14062 | D:10     | Noticed Snorg
 14075 | D:10     | Killed Snorg
 14417 | D:10     | Found Ofumuh's Antique Weapon Shop.
 14490 | D:10     | Found Fadghoxt's Armour Shop.
 14518 | D:10     | Found Juowubo's Antique Armour Shop.
 14599 | D:10     | Found a sacrificial altar of Ru.
 14943 | D:11     | Noticed a cyan ugly thing
 14961 | D:11     | Killed a cyan ugly thing
 15185 | D:11     | Noticed a cyclops
 15186 | D:11     | Noticed a manticore
 15194 | D:11     | Killed a cyclops
 15198 | D:11     | Killed a manticore
 15328 | D:11     | Noticed a +0 hand axe
 15331 | D:11     | Noticed a +0 hand axe
 15332 | D:11     | Found a hide-covered altar of Uskayaw.
 15349 | D:11     | Noticed a cyclops
 15350 | D:11     | Noticed a green ugly thing
 15359 | D:11     | Reached XP level 12. HP: 63/80 MP: 13/13
 15373 | D:11     | Reached ***** piety under Trog
 15392 | D:11     | Noticed a two-headed ogre
 15461 | D:10     | Killed a two-headed ogre
 15850 | D:11     | Reached skill level 13 in Dodging
 15902 | D:11     | Killed from afar by a manticore

Illustrated notes

Levels and vault maps discovered:
D:1:      dpeg_arrival_simpleton_a, layout_basic, hex_tiny, minmay_heptomino_d4
D:2:      layout_basic, basic_altar, ebering_ecumenical_altar_webs,
          uniq_jessica, uniq_sigmund
D:3:      layout_basic, minmay_misc_feat_five
D:4:      layout_basic, okawaru_metal_pillars_3, serial_shops, shop,
          minmay_pentomino_pile
D:5:      layout_loops_corners, marbit_many_paths,
          mainiacjoe_overflow_cross_hatched, fedhas_altar_decomposition,
          nicolae_overflow_hidden_temple, nicolae_specific_store,
          roderic_lattice_a, minmay_misc_feat_pillars,
          kennysheep_generic_room_14
D:6:      layout_basic, nemelex_spade_bored_becter, lightli_sewer_entry_pipes,
          chequers_jeans
D:7:      layout_loops_ring, minmay_temple_entry_statues_fountains
D:8:      layout_layer_cave, nicolae_vehumet_radiance, david_lair_generic
D:9:      layout_irregular_city, amcnicky_altar_gilded, serial_undead,
          serial_undead_a, serial_undead_f, serial_undead_a, serial_undead_f,
          bh_circular_ruins
D:10:     layout_rooms, mainiacjoe_overflow_surrounded_room,
          kennysheep_orc_monster_closet_entryway, serial_shops,
          nicolae_shop_behind_doors, nicolae_diamond_shop,
          nicolae_shop_hallway_stairs, nicolae_shop_real_fake_doors,
          kennysheep_mini, st_stairs_6, uniq_harold, uniq_snorg, uniq_lodul
D:11:     layout_rooms, portal_ice_cave_entry_ice_simulacra, grunt_ministairs_2,
          dancing_weapons_uskayaw

Skill      XL: |  1  2  3  4  5  6  7  8  9 10 11 12 |
---------------+-------------------------------------+-----
Polearms       | 6 7 8 10 12 | 12.7
Dodging        | 6 9 12 13 | 13.0
Fighting       | 5 6 8 |  8.1
Armour         | 4 9 |  9.0

Action                     |  1- 3 |  4- 6 |  7- 9 | 10-12 || total
---------------------------+-------+-------+-------+-------++-------
  Melee: Spear             |    45 |       |       |       ||    45
         Kick              |     4 |    29 |    74 |   176 ||   283
         Peck              |     2 |    11 |    44 |    87 ||   144
         Halberd           |       |   165 |   267 |   462 ||   894
 Invoke: Berserk           |     1 |     1 |     4 |    10 ||    16
         Trog's Hand       |       |       |     1 |     3 ||     4
         Brothers in Arms  |       |       |       |     1 ||     1
    Use: Scroll            |       |       |    12 |     4 ||    16
         Potion            |       |       |     7 |    14 ||    21
   Stab: Sleeping          |     3 |       |     9 |       ||    12
         Distracted        |       |       |     1 |       ||     1
 Armour: Animal skin       |     9 |       |       |       ||     9
         Ring mail         |       |    70 |    94 |    17 ||   181
         Chain mail        |       |       |       |   216 ||   216
  Dodge: Dodged            |     8 |    91 |   206 |   491 ||   796

Table legend: (Time is in decaauts)
 A = Elapsed time spent in this place.
 B = Non-inter-level travel time spent in this place.
 C = Inter-level travel time spent in this place.
 D = Time resting spent in this place.
 E = Time spent auto-exploring this place.
 F = Levels seen in this place.
 G = Mean time per level.
                   A        B        C        D        E       F      G
               +--------+--------+--------+--------+--------+-----+--------+
         Total |  16151 |  15482 |    669 |   6086 |   6541 |  11 | 1468.3 |
       Dungeon |  16151 |  15482 |    669 |   6086 |   6541 |  11 | 1468.3 |
               +--------+--------+--------+--------+--------+-----+--------+

Top non-repeatable levels by time:
     D:9: 3312 daAuts
     D:7: 2219 daAuts
     D:6: 2075 daAuts
    D:10: 1789 daAuts
     D:8: 1467 daAuts
     D:5: 1322 daAuts
     D:4: 1148 daAuts
    D:11: 740 daAuts
     D:1: 729 daAuts
     D:3: 690 daAuts
     D:2: 656 daAuts
